Cogmind - Beta 15 @@@ ROGUE MODE // 2025.05.12 @ 00:32:33 Player: Hinzy Result: Destroyed by G-34 Mercenary with Small Laser Performance ------------- Evolutions (0) 0 Regions Visited (1) 200 Robots Destroyed (21) 105 Value Destroyed (383) 383 Prototype IDs (4) 80 Alien Tech Used (0) 0 Bonus (0) 0 TOTAL SCORE: 768 Bonus ------- None Cogmind --------- Core Integrity 0/250 Matter 300/300 Energy 100/100 System Corruption 0% Temperature Cool (6) Movement Core (50) Location -10/Materials Parts ------- > --- POWER (1) -------- (None) > --- PROPULSION (2) --- (None) > --- UTILITY (2) ------ (None) > --- WEAPON (2) ------- (None) > --- INVENTORY (5) ---- Aluminum Leg Weight Redist. System Improved Terrain Scanner Terrain Scan Processor Light Assault Rifle Peak State ------------ > --- POWER ------------ Ion Engine > --- PROPULSION ------- Light Treads Light Treads > --- UTILITY ---------- Medium Storage Unit Targeting Computer > --- WEAPON ----------- Assault Rifle Light Assault Rifle > --- INVENTORY -------- Ion Engine Aluminum Leg Aluminum Leg Aluminum Leg Compact Wheel Structural Scanner Terrain Scan Processor Core Shielding Small Laser [Rating: 8] Favorites ----------- Power Ion Engine Engine Ion Engine Propulsion Light Treads Treads Light Treads Leg Aluminum Leg Wheel Compact Wheel Utility Targeting Computer Storage Medium Storage Unit Processor Targeting Computer Weapon Assault Rifle Energy Gun Small Laser Ballistic Gun Assault Rifle Slashing Weapon Mining Claw Build | -11 -10 ------- Run | Yrd Mat Slots Evolved . | . . Power . | . . Propulsion . | . . Utility . | . . Weapon . | . . Parts Attached 10 | . 10 Power 2 | . 2 Engine 2 | . 2 Core . | . . Reactor . | . . Propulsion 3 | . 3 Treads 2 | . 2 Leg . | . . Wheel 1 | . 1 Hover . | . . Flight . | . . Utility 2 | . 2 Device . | . . Storage 1 | . 1 Processor 1 | . 1 Hackware . | . . Protection . | . . Artifact . | . . Weapon 3 | . 3 Energy Gun . | . . Energy Cannon . | . . Ballistic Gun 1 | . 1 Ballistic Cannon . | . . Launcher . | . . Special Weapon . | . . Impact Weapon . | . . Slashing Weapon 2 | . 2 Piercing Weapon . | . . Special Melee Weapon . | . . Unidentified Prototypes . | . . Parts Lost 4 | . 4 Power 1 | . 1 Propulsion 2 | . 2 Utility . | . . Weapon 1 | . 1 Highest Loss Streak 4 | . 4 To Critical Strikes . | . . Average Backups 8 | 6 8 Power . | 1 . Propulsion 4 | 4 4 Utility 1 | . 1 Weapon 1 | 1 1 Tool/Special . | . . Unused Backups 14 | . 14 Power 2 | . 2 Propulsion 5 | . 5 Utility 7 | . 7 Weapon . | . . Tool/Special . | . . Average Slot Usage (%) 97 | . 97 Engine 14 | . 14 Treads 15 | . 15 Leg 12 | . 12 Storage 14 | . 14 Processor 12 | . 12 Energy Gun 8 | . 8 Ballistic Gun 14 | . 14 Slashing Weapon 4 | . 4 Peak Build Rating 8 | 6 8 Average Rating 7 | 6 7 On Entrance 6 | 6 6 Naked Turns 1 | . 1 Heaviest Build 19 | 11 19 Greatest Support 40 | 20 40 Greatest Overweight (x) 1 | . 1 Average Overweight (x) . | . . Largest Inventory Capacity 10 | 8 10 Average Capacity 9 | 8 9 Most Carried 10 | 6 10 Average Carried 8 | 6 8 Final Capacity 8 | 8 5 Final Carried 6 | 6 5 Class Distribution -------------------- 100% | Mutant Dominant Class ---------------- Mutant | -10/Materials Resources | -11 -10 ----------- Run | Yrd Mat Matter Collected 414 | 200 214 Remotely . | . . Salvage Created 661 | . 661 Parts 53 | . 53 Haulers Intercepted 2 | . 2 Recyclers Shooed 1 | . 1 Parts Field Recycled . | . . Retrieved Matter . | . . Parts Self-Destructed . | . . Prevented . | . . Kills | -11 -10 ------- Run | Yrd Mat Combat Hostiles Destroyed 14 | . 14 Melee 4 | . 4 Guns 10 | . 10 Classes Destroyed 7 | . 7 Worker 1 | . 1 Builder 2 | . 2 Tunneler 1 | . 1 Hauler 2 | . 2 Recycler 1 | . 1 Swarmer 6 | . 6 Grunt 8 | . 8 Best Kill Streak 4 | . 4 Combat Bots Only 4 | . 4 Max Kills in Single Turn 2 | . 2 Gunslinging 1 | . 1 Exploded . | . . Melee 1 | . 1 Uniques/NPCs Destroyed . | . . Combat | -11 -10 -------- Run | Yrd Mat Hostile Shots Fired 108 | . 108 Missed 34 | . 34 Hits 74 | . 74 Projectile 74 | . 74 Damage Taken 833 | . 833 Core 250 | . 250 Absorbed by Shields . | . . Core Remaining (%) 100 | 100 . Volleys Fired 43 | . 43 Largest 2 | . 2 Hottest 60 | . 60 Shots Fired 77 | . 77 Gun 77 | . 77 Cannon . | . . Launcher . | . . Special . | . . Kinetic 46 | . 46 Thermal 31 | . 31 Explosive . | . . Electromagnetic . | . . Robot Hit Streak 7 | . 7 Robot Miss Streak 4 | . 4 Penetration Max . | . . Secondary Targets 1 | . 1 Max Gunslinging Chain 1 | . 1 Shots Hit Robots 56 | . 56 Core Hits 28 | . 28 Critical Kills . | . . Critical Parts Destroyed . | . . Critical Strikes . | . . Melee Attacks 19 | . 19 Impact . | . . Slashing 19 | . 19 Piercing . | . . Sneak Attacks . | . . Combat Hostiles . | . . Follow-up Attacks 1 | . 1 Damage Inflicted 810 | . 810 Guns 550 | . 550 Cannons . | . . Explosions . | . . Melee 260 | . 260 Ramming . | . . Kinetic 337 | . 337 Thermal 213 | . 213 Explosive . | . . Electromagnetic . | . . Impact . | . . Slashing 260 | . 260 Piercing . | . . Highest Corruption . | . . Average Corruption . | . . Corruption Purged . | . . Corruption Blocked . | . . Overload Shots . | . . Overflow Damage . | . . Projectiles . | . . Explosions . | . . Melee . | . . Knockbacks . | . . Impact . | . . Kinetic . | . . Secondary . | . . Self-Inflicted Damage . | . . Shots . | . . Rammed . | . . Targets Rammed . | . . Kicked . | . . Crushed . | . . Highest Temperature 27 | . 27 Average Temperature 13 | . 13 Received Heat Transfer 375 | . 375 Siege Activations . | . . Martial Activations . | . . Shielding Activations . | . . Robots Disrupted . | . . Combat Hostiles . | . . Robots Corrupted . | . . Combat Hostiles . | . . Parts Fried . | . . Impact Corruptions . | . . Robots Melted . | . . Combat Hostiles . | . . Parts Melted . | . . Heat Transferred 500 | . 500 Parts Sabotaged . | . . Parts Stolen . | . . Parts Stripped . | . . Power Chain Reactions . | . . Alert | -11 -10 ------- Run | Yrd Mat Maximum Alert Level . | . . Low Security (%) 100 | 100 100 Level 1 . | . . Level 2 . | . . Level 3 . | . . Level 4 . | . . Level 5 . | . . High Security . | . . Max Security . | . . Peak Influence 113 | . 113 Initial . | . . Average 28 | . 29 Influence Increases 449 | . 449 Destroy 0b10 Robot/C 280 | . 280 Destroy 0b10 Robot/NC 35 | . 35 Destroy Leader 74 | . 74 Successful Hack 29 | . 29 Disable Machine 15 | . 15 Destroy Structure 1 | . 1 Lose Combat Pursuer 15 | . 15 Influence Decreases 352 | . 352 Time Decay 312 | . 312 Lost Part 40 | . 40 Squads Dispatched 5 | . 5 Investigation 3 | . 3 Extermination . | . . Reinforcement 2 | . 2 Assault . | . . Garrison . | . . Intercept . | . . Searches Triggered . | . . Construction Impeded . | . . Haulers Reinforced . | . . Active Scanning Responses . | . . Cargo Convoy Interrupts . | . . Stealth | -11 -10 --------- Run | Yrd Mat Distress Signals 2 | . 2 Communications Jammed . | . . Distress Signals . | . . Times Spotted 30 | . 30 Peak Tracking Total 7 | . 7 Tactical Retreats 1 | . 1 Traps | -11 -10 ------- Run | Yrd Mat Traps Triggered 4 | . 4 Indirectly . | . . Trap Hack Attempts . | . . Triggered . | . . Disarmed . | . . Reprogrammed . | . . Reused . | . . Traps Extracted . | . . Installed . | . . Triggered . | . . Machines | -11 -10 ---------- Run | Yrd Mat Machines Disabled 1 | . 1 Max in Single Turn 1 | . 1 Machines Repaired . | . . Machines Dismantled . | . . Machines Sabotaged . | . . Overloaded Fab Kills . | . . Hacking | -11 -10 --------- Run | Yrd Mat Machines Accessed 6 | . 6 Terminals 6 | . 6 Fabricators . | . . Repair Stations . | . . Recycling Units . | . . Scanalyzers . | . . Garrison Access . | . . Total Hacks 16 | . 16 Successful 12 | . 12 Failed 4 | . 4 Catastrophic . | . . Database Lockouts . | . . Manual 14 | . 14 Terminals 16 | . 16 Fabricators . | . . Repair Stations . | . . Recycling Units . | . . Scanalyzers . | . . Garrison Access . | . . Terminal Hacks 2 | . 2 Prototype ID Bank 2 | . 2 Fabricator Hacks . | . . Repair Station Hacks . | . . Recycling Unit Hacks . | . . Scanalyzer . | . . Garrison Access Hacks . | . . Unauthorized Hacks 10 | . 10 Terminals 10 | . 10 Botnet 2 | . 2 Disrupt 1 | . 1 Operators 1 | . 1 Skim 6 | . 6 Fabricators . | . . Repair Stations . | . . Recycling Units . | . . Scanalyzers . | . . Garrison Access . | . . Data Cores Recovered . | . . Used . | . . Hacking Detections 4 | . 4 Full Trace Events . | . . Feedback Events . | . . Feedback Blocked . | . . Robot Schematics Acquired . | . . Robots Built . | . . Authchips . | . . Time . | . . Total Robot Build Rating . | . . Part Schematics Acquired . | . . Parts Built . | . . Authchips . | . . Time . | . . Total Part Build Rating . | . . Parts Repaired . | . . Time . | . . Parts Recycled . | . . Recycled Matter . | . . Retrieved Matter . | . . Retrieved Components . | . . Parts Scanalyzed . | . . Part Schematics Acquired . | . . Parts Damaged . | . . Bothacking | -11 -10 ------------ Run | Yrd Mat Used RIF Installer . | . . Robots Hacked . | . . Non-combat . | . . Combat . | . . Robot Hacks Applied . | . . Relay Couplers Released . | . . Fabnet Peak Effective % . | . . Robots Rewired . | . . Allies Hacked . | . . Hacks Repelled . | . . Allies | -11 -10 -------- Run | Yrd Mat Total Allies . | . . Largest Group . | . . Highest-Rated Group . | . . Highest-Rated Ally . | . . Total Orders . | . . Ally Attacks . | . . Total Damage . | . . Kills . | . . Allies Corrupted . | . . Allies Melted . | . . Intel | -11 -10 ------- Run | Yrd Mat Active Infowar (turns) . | . . Robot Analysis Total . | . . Derelict Logs Recovered . | . . Drone Launches . | . . Drone Recoveries . | . . Exploration | -11 -10 ------------- Run | Yrd Mat Turns Passed 1122 | 38 1084 Spaces Moved 635 | 32 603 Core 2 | . 2 Treads 302 | . 302 Legs 330 | 32 298 Wheels 1 | . 1 Hover . | . . Flight . | . . Fastest Speed 50 | 120 50 Average Speed 138 | 120 139 Slowest Speed 160 | 120 160 Overloaded Moves . | . . Propulsion Burnouts . | . . Robots Hopped . | . . Potential Cave-ins . | . . Cave-ins Triggered . | . . Exploration Rate (%) 39 | 3 76 Regions Visited 1 Branch Regions . Pre-discovered Areas . | . . Known Exits Taken . | . . Unknown Exits Taken 1 | 1 . Scrap Searched . | . . Spaces Dug . | . . Terrain Destroyed . | . . Melee . | . . Projectile . | . . AOE . | . . Terrain Rammed . | . . Walls Destroyed . | . . Machines Disabled . | . . Actions | -11 -10 --------- Run | Yrd Mat Total 764 | 31 733 Wait 45 | . 45 Move 634 | 31 603 Hop . | . . Pick Up 7 | . 7 Fast Attach 3 | . 3 Attach 2 | . 2 Detach . | . . Swap 5 | . 5 Drop 7 | . 7 Fire 43 | . 43 Melee 18 | . 18 Ram . | . . Kick . | . . Crush . | . . Escape Stasis . | . . Rewire . | . . Trap . | . . Miscellaneous . | . . Route ------- -11/Scrapyard -10/Materials (discovered 3 exits: [*Mat x2] / [*Min]) History --------- Turn | Location | Event 1 | -11/Scrapyard | Discovered new exit (range 1) 39 | -11/Scrapyard | Entered Materials 256 | -10/Materials | Discovered new exit (range 6) 308 | -10/Materials | Build established: Mutant 382 | -10/Materials | Discovered new exit (range 10) 616 | -10/Materials | Discovered new exit (range 15) 1102 | -10/Materials | Core integrity fell below 50% 1112 | -10/Materials | Core integrity fell below 20% 1118 | -10/Materials | Learned location of 1 exit from Recycling 1122 | -10/Materials | Released all parts (5) 1123 | -10/Materials | Destroyed by G-34 Mercenary with Small Laser Last Messages --------------- Operator tracking enabled and active. 01069_ G-34 Mercenary destroyed. 01072_ Acquired 1 matter. 01085_ G-34 Mercenary destroyed. 01095_ Acquired 10 matter. 01100_ G-34 Mercenary destroyed. 01101_ Lgt. Treads destroyed. 01101_ Ion Engine destroyed. 01103_ Mining Claw follow-up attack on G-34 Mercenary. 01103_ Mining Claw destroyed. 01106_ G-34 Mercenary destroyed. 01110_ Acquired 10 matter. 01111_ Lgt. Treads destroyed. 01118_ >> SKIM: Stored Recycling exits (x1). 01122_ Released Targeting Computer. 01122_ Released Med. Storage Unit. 01122_ Released Ion Engine. 01122_ Released Com. Wheel. 01122_ Released Mining Claw. Map ----- +----------------------------------------------------+ | ????????????# + "" #?????# = [ + | | ????????????#! "" # """ ## ####??# [%==# | | ????????????# T" # # "#########| # | | ????????????# "" # # ""# # # | | ????????????# # ^ """ # ||# + | | ????????????# # """ # < ""# ^""" # o | | ????????????######## """ # !!# """ # | | ???????????????????#* # ""# """ # # | | ???????????????????# % # "# ! #* # | | ???????????????????# """ ## ####^ " "!#= # | | ???????????????????# """ #??# "R"!+% # | | ???????????????????# """ #??# """=#*[=# | | ???????????????????# #??#] [#=### | | ???????????????????# #??#######+# #?? | | ??????????########## """ #???##### *=#?? | | ?????+ """ #??""" # #?? | | ???????????###### """ #?""""" # #?? | | ???????????###### # """"" # #?# | | ???????????# # # """"" # ### | | ???????????# # ######## """ # ##! | | ???????????# # + ??# + ##! | | ???????????# # # "???# # ##! | | ???????????# + #??????# # ##! | | ???????????# #####+#######??????# # ### | | ???????????# # = #????????# # #?# | | ???????????# # g="T"@#????????# # ### | | ???????????# + """%[%=[#????????######### | | ???????????###### """**=%g#????????????????# | | ????????????????# """[!=*=#????????????????# ^ | | ????????????????# g /=!*#????????????????####### | | ????????????????# * = #??????????????????????? | | ????????????????# #??????????????????????? | | ????????????????###########??????????????????????? | | ?????????????????????????????????????????????????? | | ?????????????????????????????????????????????????? | | ?????????????????????????????????????????????????? | | ?????????????????????????????????????????????????? | | ?????????????????????????????????????????????????? | | ?????????????????????????????????????????????????? | | ?????????????????????????????????????????????????? | | ?????????????????????????????????????????????????? | | ?????????????????????????????????????????????????? | | ?????????????????????????????????????????????????? | | | | | | | | | | | | | | | +----------------------------------------------------+ Best States ------------- Heat Dissipation 25 Energy Generation 10 Energy Capacity 250 Matter Stores 300 Matter Capacity 300 Sight Range 16 Terrain Scan Density 10 Evasion (%) 55 Targeting Accuracy 5 Recoil Reduction 2 Item Schematics ----------------- None Robot Schematics ------------------ None Fabricated ------------ Nothing Repaired ---------- Nothing Alien Tech Used ----------------- None Achievements -------------- None Challenges ------------ None Game ------ Seed ReflexDecoderSabre Manual? 0 Play Time 00:15:03 Cumulative 103.0 hours Start 2025.05.11 @ 14:08:09 End 2025.05.12 @ 00:32:33 Sessions 2 Manual Loads 0 Difficulty Rogue Special Mode None Game No. 69 Rogue 69 Adventurer 0 Explorer 0 Win Type - Total 0 Types 0/0/0/0/0/0/0/0/0/0 Lore% 48 Gallery% 48 Achievement% 39 Wizard Run 0 Options --------- Layout 1 ASCII 0 Keyboard 0 Movement Mouse Keybinds 0 Fullscreen 1 Font 24/Smallcaps Map View 50x35 Zoom Use 0% Tactical HUD 1 Map Filters NONE Filters NONE Steam 1 RUN: 92320f2a-d4ee-4d9e-af6a-ac26c5aab94f